 Dungeon Crawl Stone Soup version 0.26-a0-712-ga5a9c9c9d0 (webtiles) character file.

Game seed: 8112407161421948365

13658 night the Slicer (level 12, -1/79 HPs)
             Began as a Kobold Berserker on Nov 4, 2020.
             Was a Believer of Lugonu.
             Slain by a polar bear (19 damage)
             ... created by the rage of Trog
             ... on level 10 of the Dungeon on Nov 11, 2020.
             The game lasted 00:53:03 (14774 turns).

night the Slicer (Kobold Berserker)                Turns: 14774, Time: 00:53:04

Health: -1/79      AC: 11    Str: 18    XL:     12   Next: 35%
Magic:  0/21       EV: 27    Int:  8    God:    Lugonu [**....]
Gold:   937        SH:  8    Dex: 16    Spells: 11/11 levels left

rFire    . . .     SeeInvis .   u - +2 dagger (venom)
rCold    . . .     Faith    .   (shield restricted)
rNeg     . . .     Spirit   +   P - +3 leather armour {rPois}
rPois    +         Reflect  .   (no helmet)
rElec    .         Harm     .   C - +2 cloak
rCorr    .         Rampage  .   p - +1 pair of gloves
MR       .....                  (no boots)
Stlth    ++++......             a - brooch of Shielding {Spirit SH+8}
HPRegen  0.23/turn              D - ring of magical power
MPRegen  0.17/turn              v - +4 ring of evasion

@: no status effects
A: small, nightstalker 3
a: Depart the Abyss, Bend Space, Renounce Religion


You were on level 10 of the Dungeon.
You worshipped Lugonu.
Lugonu was pleased with you.
You visited 1 branch of the dungeon, and saw 11 of its levels.
You visited the Abyss 1 time.
You also visited: Sewer.

You collected 937 gold pieces.

Inventory:

Hand Weapons
 e - a +0 fustibalus
 u - a +2 dagger of venom (weapon)
 y - a +2 flail of holy wrath
 K - a +0 lajatang
 U - a +2 scimitar of freezing
 W - a +3 dagger of freezing
 Z - a +3 dagger of speed
Missiles
 c - 356 stones
 z - 51 sling bullets
 A - 3 boomerangs of dispersal
 B - 8 datura-tipped darts
 E - 2 boomerangs (quivered)
 Q - 5 throwing nets
 V - 12 poisoned darts
Armour
 p - a +1 pair of gloves (worn)
 C - a +2 cloak (worn)
 M - a +0 kite shield
 P - a +3 leather armour of poison resistance (worn)
Jewellery
 a - the brooch of Shielding (around neck) {Spirit SH+8}
   (You found it on level 9 of the Dungeon)

   [amulet of guardian spirit]

   It causes incoming damage to be split between your health and magic.
   It affects your SH (+8).
 i - an uncursed ring of resist corrosion
 r - an uncursed ring of protection from cold
 s - an uncursed ring of see invisible
 t - an uncursed ring of ice
 v - a +4 ring of evasion (right hand)
 D - a ring of magical power (left hand)
 J - a +6 ring of strength
 L - an uncursed ring of wizardry
Wands
 b - a wand of acid (21)
 j - a wand of polymorph (10)
 w - a wand of flame (19)
 G - a wand of iceblast (5)
 O - a wand of random effects (20)
 R - a wand of disintegration (13)
 X - a wand of paralysis (12)
Scrolls
 k - a scroll of magic mapping
 o - 2 scrolls of remove curse
 q - 3 scrolls of teleportation
 x - a scroll of enchant armour
 T - a scroll of amnesia
 Y - 2 scrolls of fear
Potions
 d - 2 potions of mutation {unknown}
 f - 3 potions of might
 g - 5 potions of heal wounds
 h - a potion of magic {unknown}
 l - 3 potions of haste
 m - 3 potions of stabbing
 n - 2 potions of cancellation {unknown}
 F - 4 potions of curing
 H - 3 potions of flight
 I - 2 potions of ambrosia {unknown}
 N - a potion of invisibility {unknown}
 S - 2 potions of lignification {unknown}


   Skills:
 + Level 10.7 Fighting
 - Level 13.0(13.3) Short Blades
 - Level 2.6(6.1) Long Blades
 - Level 1.5 Armour
 + Level 11.3 Dodging
 + Level 7.1 Stealth
 + Level 9.1 Evocations


You had 11 spell levels left.
You didn't know any spells.
Your spell library contained the following spells:

 Spells                   Type           Power        Failure   Level
 Animate Skeleton         Necr           #.....       45%         1
 Pain                     Necr           #...         45%         1
 Sandblast                Erth           #.....       45%         1
 Passwall                 Tmut/Erth      #.......     61%         2
 Poisonous Vapours        Pois/Air       #.....       61%         2
 Conjure Flame            Conj/Fire      #.......     83%         3
 Mephitic Cloud           Conj/Pois/Air  #.......     83%         3
 Stone Arrow              Conj/Erth      #.....       83%         3
 Vampiric Draining        Necr           #.........   83%         3
 Animate Dead             Necr           #.........   99%         4
 Petrify                  Tmut/Erth      #.......     99%         4
 Agony                    Necr           #.......     100%        5
 Lee's Rapid Deconstruct  Erth           #.........   100%        5
 Freezing Cloud           Conj/Ice/Air   #.........   100%        6


Dungeon Overview and Level Annotations

Branches:
Dungeon (11/15)            Temple (0/1) D:4            Lair (0/6) D:11
  Sewer (visited)
    Orc: D:9-12

Altars:
Ashenzari
Dithmenos
Elyvilon
Fedhas
Gozag
Makhleb
Nemelex Xobeh
Okawaru
Qazlal
Ru
Vehumet
Wu Jian
Zin
The Shining One

Shops:
D:11 *

Annotations:
D:2 Robin


Innate Abilities, Weirdness & Mutations

You are small and have problems with some larger weapons.
You are completely attuned to the shadows.


Message History

You hit the polar bear.
The polar bear looks as sick as possible!
The polar bear is lightly wounded.
The polar bear closely misses you. The polar bear completely misses you.
The polar bear misses you.
You hit the polar bear.
The polar bear looks as sick as possible!
The polar bear is lightly wounded.
You hit the polar bear.
The polar bear is moderately wounded.
The polar bear bites you! The polar bear claws you.
* * * LOW HITPOINT WARNING * * *
The polar bear completely misses you. The polar bear bites you!
* * * LOW HITPOINT WARNING * * *
The polar bear barely misses you. You block the polar bear's attack.
The polar bear barely misses you. The polar bear closely misses you. x2
The polar bear rages.
The polar bear bites you!!
You die...

###'###### #...#
#######'#### #..........#
#..........# #..........#
####### #..........#
......#########..........#
#####.........)[@h.......#
###########..........#
#....>.....# #..........#
############


You could see a polar bear (berserk, extremely poisoned).

Vanquished Creatures
  Fannar (D:10)
  Harold (D:8)
  Erolcha (D:11)
  4 two-headed ogres
  An unseen horror (D:11)
  An ugly thing (D:11)
  2 centaur skeletons
  3 polar bears
  A troll (D:11)
  Grinder (D:5)
  A wyvern (D:9)
  A spriggan (D:9)
  4 yaks (D:11)
  Eustachio (D:6)
  Grum (D:10)
  Menkaure (D:6)
  Edmund (D:5)
  2 water moccasins
  6 orc warriors
  6 black bears
  An eye of draining (D:9)
  A boggart (D:10)
  4 ice beasts
  A necrophage (D:9)
  3 wolves (D:10)
  7 ogres
  5 phantoms
  2 centaurs
  2 big kobolds
  A gnoll sergeant (D:6)
  4 bullfrogs
  A wyvern skeleton (D:9)
  2 scorpions
  13 wights
  18 killer bees
  A vampire bat (D:4)
  7 howler monkeys
  2 quasits (D:10)
  3 jellies
  7 hounds
  8 orc wizards
  5 orc priests
  Crazy Yiuf (D:3)
  Natasha (thrice) (D:3)
  5 iguanas
  6 worker ants
  A killer bee zombie (D:10)
  A hound skeleton (D:5)
  9 gnolls
  11 adders
  2 river rats (D:5)
  A shadow imp (D:7)
  5 white imps
  An ufetubus (D:7)
  An ooze (D:4)
  4 worms
  5 dart slugs
  3 fire bats (D:4)
  8 leopard geckos
  37 orcs
  2 spectral bats (D:4)
  3 bat skeletons (D:4)
  A bat zombie (D:4)
  6 giant cockroaches
  6 goblins
  20 hobgoblins
  8 jackals
  A quokka (D:9)
  2 ball pythons
  15 bats
  A bat simulacrum (D:4)
  4 frilled lizards
  16 kobolds
  6 rats
333 creatures vanquished.

Vanquished Creatures (collateral kills)
  An orc wizard (D:6)
  An orc (D:6)
2 creatures vanquished.

Grand Total: 335 creatures vanquished

Notes
Turn   | Place    | Note
-------+----------+-------------------------------------------
     0 | D:1      | night the Kobold Berserker began the quest for the Orb.
     0 | D:1      | Reached XP level 1. HP: 14/14 MP: 1/1
   244 | D:1      | Reached XP level 2. HP: 17/19 MP: 2/2
   670 | D:1      | Reached XP level 3. HP: 23/23 MP: 3/3
  1053 | D:2      | Reached skill level 5 in Short Blades
  1154 | D:2      | Reached ** piety under Trog
  1213 | D:2      | Noticed Robin
  1394 | D:2      | Reached XP level 4. HP: 29/29 MP: 4/4
  1661 | D:2      | Found a sacrificial altar of Ru.
  1693 | D:2      | Found a white marble altar of Elyvilon.
  1761 | D:2      | Found a stormy altar of Qazlal.
  2118 | D:3      | Noticed Natasha
  2122 | D:3      | Killed Natasha
  2122 | D:3      | Reached XP level 5. HP: 33/33 MP: 5/5
  2255 | D:3      | Found a radiant altar of Vehumet.
  2417 | D:3      | Noticed Natasha
  2451 | D:3      | Reached skill level 6 in Short Blades
  2461 | D:3      | Killed Natasha
  2515 | D:3      | Noticed Natasha
  2522 | D:3      | Killed Natasha
  2873 | D:3      | Found a runed translucent door.
  2876 | D:3      | Noticed Crazy Yiuf
  2883 | D:3      | Killed Crazy Yiuf
  2883 | D:3      | Reached XP level 6. HP: 39/39 MP: 6/6
  3434 | D:4      | Found a staircase to the Ecumenical Temple.
  3499 | D:4      | Noticed an ogre
  3509 | D:4      | Killed an ogre
  3509 | D:4      | Reached skill level 7 in Short Blades
  3559 | D:4      | Reached XP level 7. HP: 40/44 MP: 7/7
  3563 | D:4      | Reached *** piety under Trog
  3787 | D:4      | Found an ornate altar of the Wu Jian Council.
  3871 | D:4      | Found an opulent altar of Gozag.
  4110 | D:4      | Reached skill level 5 in Fighting
  4177 | D:4      | Reached skill level 5 in Dodging
  4288 | D:5      | Entered Level 5 of the Dungeon
  4304 | D:5      | Reached skill level 8 in Short Blades
  4458 | D:5      | Reached XP level 8. HP: 50/50 MP: 8/8
  4463 | D:5      | Got a polished whip
  4463 | D:5      | Identified the +9 whip of Departure {vorpal, +Inv +Fly MR++
                  | Dex-3} (You found it on level 5 of the Dungeon)
  4499 | D:5      | Noticed Edmund
  4510 | D:5      | Killed Edmund
  4510 | D:5      | Reached skill level 9 in Short Blades
  4573 | D:5      | Noticed Grinder
  4585 | D:5      | Killed Grinder
  4791 | D:5      | Reached **** piety under Trog
  4843 | D:5      | Found a glowing drain.
  4854 | Sewer    | Entered a sewer
  4938 | Sewer    | Reached skill level 10 in Short Blades
  5129 | D:5      | Found a broken altar of Ashenzari.
  5214 | D:5      | Found a glowing golden altar of the Shining One.
  5478 | D:5      | Reached XP level 9. HP: 43/56 MP: 9/9
  6020 | D:6      | Reached skill level 1 in Evocations
  6231 | D:6      | Reached skill level 11 in Short Blades
  6262 | D:6      | Noticed Menkaure
  6268 | D:6      | Killed Menkaure
  6268 | D:6      | Reached skill level 2 in Evocations
  6492 | D:6      | Noticed Eustachio
  6535 | D:6      | You fall into a shaft and drop 3 floors!
  6597 | D:8      | Noticed a two-headed ogre
  6611 | D:8      | Killed a two-headed ogre
  6682 | D:8      | Reached skill level 12 in Short Blades
  6682 | D:8      | Reached XP level 10. HP: 50/64 MP: 10/10
  7526 | D:6      | Killed Eustachio
  8004 | D:6      | Found a burning altar of Makhleb.
  8024 | D:6      | Found a shadowy altar of Dithmenos.
  8625 | D:7      | Reached skill level 5 in Evocations
  8776 | D:7      | Found a blossoming altar of Fedhas.
  8776 | D:7      | Found a glowing silver altar of Zin.
  9347 | D:8      | Reached skill level 13 in Short Blades
  9748 | D:8      | Noticed Harold
  9771 | D:8      | Killed Harold
  9771 | D:8      | Reached skill level 1 in Long Blades
 10350 | D:9      | Reached XP level 11. HP: 69/69 MP: 11/11
 10429 | D:9      | Reached skill level 2 in Long Blades
 10506 | D:9      | Reached ***** piety under Trog
 11058 | D:9      | Found the brooch of Shielding {Spirit SH+8}
 11134 | D:9      | Reached skill level 1 in Stealth
 11400 | D:10     | Entered Level 10 of the Dungeon
 11568 | D:10     | Reached skill level 2 in Stealth
 11576 | D:10     | Reached skill level 10 in Dodging
 11596 | D:10     | Noticed Psyche
 11600 | D:10     | Noticed Psyche
 11600 | D:10     | Psyche changed into Psyche the boggart
 11609 | D:10     | Killed Psyche the boggart
 11704 | D:10     | Found an iron altar of Okawaru.
 11842 | D:10     | Noticed Fannar
 11876 | D:10     | Killed Fannar
 12124 | D:10     | Noticed Grum
 12164 | D:10     | Killed Grum
 12657 | D:11     | Noticed Erolcha
 12661 | D:11     | Cast into level 2 of the Abyss (Erolcha)
 12661 | Abyss:2  | Found a corrupted altar of Lugonu.
 12688 | Abyss:2  | Fell from the grace of Trog
 12688 | Abyss:2  | Became a worshipper of Lugonu the Unformed
 12688 | Abyss:2  | Reached * piety under Lugonu
 12689 | D:11     | Escaped the Abyss
 12699 | D:11     | Killed Erolcha
 12699 | D:11     | Reached skill level 10 in Fighting
 12699 | D:11     | Reached skill level 5 in Stealth
 12709 | D:11     | Noticed Maurice
 12717 | D:11     | Noticed a purple ugly thing
 12856 | D:11     | Noticed Maurice
 12856 | D:11     | Maurice changed into Maurice the black bear
 12887 | D:10     | Killed Maurice the black bear
 13035 | D:11     | Noticed a two-headed ogre
 13035 | D:11     | Noticed a two-headed ogre
 13686 | D:10     | Reached XP level 12. HP: 77/77 MP: 12/12
 13803 | D:10     | Killed a two-headed ogre
 13913 | D:11     | Noticed a two-headed ogre
 13978 | D:10     | Killed a two-headed ogre
 14163 | D:11     | Killed an unseen horror
 14211 | D:11     | Killed a two-headed ogre
 14403 | D:11     | Found a sparkling altar of Nemelex Xobeh.
 14504 | D:11     | Found Uduo's Assorted Antiques.
 14581 | D:11     | Found a staircase to the Lair.
 14677 | D:11     | Reached ** piety under Lugonu
 14774 | D:10     | Slain by a polar bear

Illustrated notes

Levels and vault maps discovered:
D:1:      eino_arrival_tree_alley, layout_basic
D:2:      layout_loops_ring, nicolae_overflow_hidden_temple,
          nicolae_qazlal_eye_of_the_storm, elyvilon_altar_4, uniq_robin
D:3:      layout_loops_ring, lemuel_coloured_pillars_altar,
          hangedman_decor_slide_cut, serial_bayou_pond_a, st_stairs_7,
          uniq_natasha, uniq_crazy_yiuf_cottage
D:4:      layout_basic, grunt_gozag_breadcrumbs, marbit_many_paths,
          minmay_temple_entry_mini_moons, minivault_26, goddamned_bats
D:5:      layout_cave_pools, old_standard_altar, ashenzari_altar_1,
          gup_sewer_entry_bubbles, uniq_grinder, uniq_edmund
D:6:      layout_cave_pools, lemuel_crystal_altar, kennysheep_little_box,
          uniq_menkaure, uniq_eustachio
D:7:      hangedman_cross_stitches, layout_cave_pools,
          chequers_temple_overflow_statue_of_worship
D:8:      layout_basic, uniq_harold
D:9:      layout_loops_cross, the_bakery
D:10:     layout_roguey, okawaru_metal_pillars_3, uniq_grum, uniq_fannar,
          uniq_psyche
D:11:     cheibrodos_orc_bank, layout_cave_pools, serial_shops, shop,
          nemelex_xobeh_ov_fountains_minmay, uniq_erolcha, uniq_maurice

Skill      XL: |  1  2  3  4  5  6  7  8  9 10 11 12 |
---------------+-------------------------------------+-----
Dodging        | 3 4 5 6 7 9 10 11 | 11.3
Short Blades   | 5 6 7 8 10 12 13 | 13.0
Fighting       | 4 5 6 7 8 10 | 10.7
Evocations     | 3 6 8 9 |  9.1
Long Blades    | 1 2 |  2.6
Stealth        | 5 7 |  7.1
Armour         | |  1.5

Action                   |  1- 3 |  4- 6 |  7- 9 | 10-12 || total
-------------------------+-------+-------+-------+-------++-------
Melee: Short sword       |    93 |       |       |       ||    93
       Rapier            |    42 |   127 |   431 |   234 ||   834
       Dagger            |       |       |       |  1000 ||  1000
       Scimitar          |       |       |       |    19 ||    19
       Flail             |       |       |       |     3 ||     3
Throw: Boomerang         |       |       |     2 |       ||     2
Invok: Berserk           |     2 |    10 |    15 |    16 ||    43
       Brothers in Arms  |       |       |     1 |       ||     1
       Depart the Abyss  |       |       |       |     1 ||     1
Evoke: Wand              |       |       |       |    13 ||    13
  Use: Scroll            |     2 |     3 |       |    17 ||    22
       Potion            |       |       |       |     1 ||     1
 Stab: Sleeping          |     2 |       |       |    12 ||    14
       Distracted        |       |       |       |     4 ||     4
Armor: Plate armour      |    69 |    66 |   198 |    48 ||   381
       Leather armour    |       |       |       |    96 ||    96
Dodge: Dodged            |    41 |    63 |   270 |   926 ||  1300
Block: Other             |       |       |       |   248 ||   248
       Rpst.: Scimitar   |       |       |       |     8 ||     8

Table legend: (Time is in decaauts)
 A = Elapsed time spent in this place.
 B = Non-inter-level travel time spent in this place.
 C = Inter-level travel time spent in this place.
 D = Time resting spent in this place.
 E = Time spent auto-exploring this place.
 F = Levels seen in this place.
 G = Mean time per level.
                   A        B        C        D        E       F      G
               +--------+--------+--------+--------+--------+-----+--------+
         Total |  14445 |  14057 |    388 |   3328 |   7639 |  13 | 1111.2 |
       Dungeon |  14216 |  13828 |    388 |   3270 |   7552 |  11 | 1292.4 |
         Abyss |     27 |     27 |      0 |      0 |      0 |   1 |   27.0 |
         Sewer |    201 |    201 |      0 |     57 |     86 |   1 |  201.0 |
               +--------+--------+--------+--------+--------+-----+--------+

Top non-repeatable levels by time:
    D:10: 2041 daAuts
     D:5: 1607 daAuts
     D:8: 1523 daAuts
     D:6: 1423 daAuts
     D:4: 1265 daAuts
     D:9: 1213 daAuts
     D:3: 1208 daAuts
     D:7: 1125 daAuts
     D:2: 1005 daAuts
     D:1: 950 daAuts
    D:11: 853 daAuts
   Sewer: 201 daAuts
 Abyss:2: 27 daAuts
